 Dungeon Crawl Stone Soup version 0.28-a0-662-g1651b1f1e0 (webtiles) character file.

Game seed: 13490446754520348059

37 ytrimaz the Sneak (level 3, 0/24 HPs)
             Began as an Octopode Brigand on Oct 14, 2021.
             Hit by a stone thrown by a kobold (2 damage)
             ... on level 1 of the Dungeon.
             The game lasted 00:03:35 (2521 turns).

ytrimaz the Sneak (Octopode Brigand)                Turns: 2521, Time: 00:03:36

Health: 0/24       AC:  1    Str: 10    XL:     3   Next: 39%
Magic:  3/3        EV: 12    Int: 19    God:
Gold:   26         SH:  0    Dex: 14    Spells: 2/2 levels left

rFire   . . .      SeeInvis .   a - +2 dagger
rCold   . . .      Faith    .   (no shield)
rNeg    . . .      Spirit   .   (helmet restricted)
rPois   .          Reflect  .   (no amulet)
rElec   .          Harm     .   d - +6 ring of intelligence
rCorr   .          Rampage  .   (no ring)
Will    .....                   (no ring)
Stlth   ++++......              (no ring)
HPRegen 0.08/turn               (no ring)
MPRegen 0.08/turn               (no ring)
                                (no ring)
                                (no ring)

@: flying
A: almost no armour, amphibious, 8 rings, camouflage 1, gelatinous body 1,
(nimble swimmer 1), tentacles
a: no special abilities


You were on level 1 of the Dungeon.
You visited 1 branch of the dungeon, and saw 2 of its levels.

You collected 26 gold pieces.

Inventory:

Hand Weapons
 a - a +2 dagger (weapon)
Missiles
 b - 8 poisoned darts
 c - 2 curare-tipped darts (quivered)
Jewellery
 d - a +6 ring of intelligence (left tentacle)
 e - a ring of fire


   Skills:
 + Level 2.1 Fighting
 * Level 2.2 Short Blades
 - Level 2.0 Throwing
 - Level 1.0 Dodging
 * Level 6.6 Stealth
 * Level 0.4 Spellcasting


You had 2 spell levels left.
You didn't know any spells.
Your spell library contained the following spells:

 Spells                   Type           Power      Damage    Failure   Level
 Frozen Ramparts          Ice            0%         1d2       52%         3
 Gell's Gravitas          Tloc           0%         N/A       52%         3
 Teleport Other           Tloc           0%         N/A       52%         3
 Ice Form                 Ice/Tmut       0%         N/A       89%         4
 Summon Ice Beast         Ice/Summ       0%         N/A       89%         4
 Iskenderun's Battlesphe  Conj           0%         2d6       99%         5
 Dispersal                Tloc           0%         N/A       100%        6
 Iron Shot                Conj/Erth      0%         9d1       100%        6
 Spellforged Servitor     Conj/Summ      0%         N/A       100%        7


Dungeon Overview and Level Annotations

Branches:
Dungeon (2/15)

Altars:


Innate Abilities, Weirdness & Mutations

You cannot wear most types of armour.
You are amphibious.
You can wear up to eight rings at the same time.
Your skin changes colour to match your surroundings (Stealth+).
Your rubbery body absorbs attacks. (AC +1, EV +1)
((You are camouflaged near water. (Stealth+)))
You have tentacles for arms and can constrict up to eight enemies at once.


Message History

The kobold closely misses you.
You hit the kobold but do no damage. Your grab misses the kobold.
The kobold barely misses you.
You closely miss the kobold. Your grab misses the kobold.
The kobold closely misses you. x2
You hit the kobold. Your grab misses the kobold.
The kobold is heavily wounded.
The kobold barely misses you. x2
You hit the kobold but do no damage. Your grab misses the kobold.
The kobold is heavily wounded.
The kobold hits you with a +0 club. The kobold hits you with a +0 dagger.
You hit the kobold. You grab the kobold.
The kobold is severely wounded.
You constrict the kobold, but do no damage.
The kobold barely misses you.
The kobold hits you with a +0 short sword.
The kobold hits you with a +0 dagger.
* * * LOW HITPOINT WARNING * * *
You release your grip on the kobold.
The kobold misses you.
The kobold hits you with a +0 short sword.
* * * LOW HITPOINT WARNING * * *
The kobold barely misses you.
You climb upwards.
There is a stone staircase leading down here.
Unknown command.
Things that are here:
a stone; a +0 short sword The kobold throws a stone.
The stone hits you.
* * * LOW HITPOINT WARNING * * *
Things that are here:
a +0 short sword; a +0 short sword It was a potion of flight.
You feel very buoyant.
You fly up into the air.
The kobold throws a stone.
The stone barely misses you.
You aren't carrying any scrolls.
The kobold throws a stone.
The stone hits you.
* * * LOW HITPOINT WARNING * * *
The kobold throws a stone.
The stone hits you.
You die...

.#........#....#.##
.#........#....#..# #######
.#...)....#.#...#.## #.....#
............#......# #.###.#
..#####'#.#†#.#.##.###.#...#
.######.###.#.#.##...#.#.###
.# #........#.#..#...#.#.#
.# #....#.....##.##..#.#.#
## #....#.....##@.#..#.#.#
####....#.....###.##...###
#.......#....## #.##.###
#....######'#####..#.##
#....# #......#K#..# #....#
#......#K##.# #....#
#......#K##.# #....#
#......#(##.# #....#
##.....#>#..#


You could see 3 kobolds.

Vanquished Creatures
  3 dart slugs (D:1)
  2 bats (D:1)
  An endoplasm (D:1)
  3 giant cockroaches (D:1)
  9 jackals
  3 kobolds (D:1)
  A quokka (D:2)
  A frilled lizard (D:1)
  2 goblins (D:1)
  2 rats (D:1)
27 creatures vanquished.

Vanquished Creatures (others)
  10 toadstools (D:2)
10 creatures vanquished.

Grand Total: 37 creatures vanquished

Notes
Turn   | Place    | Note
-------+----------+-------------------------------------------
     0 | D:1      | ytrimaz the Octopode Brigand began the quest for the Orb.
     0 | D:1      | Reached XP level 1. HP: 14/14 MP: 1/1
    58 | D:1      | Reached XP level 2. HP: 5/19 MP: 2/2
    62 | D:1      | Reached skill level 6 in Stealth
  1419 | D:1      | Reached XP level 3. HP: 10/24 MP: 3/3
  2521 | D:1      | Hit by a stone thrown by a kobold

Illustrated notes

Levels and vault maps discovered:
D:1:      mrwooster_arrival_statue_3, layout_basic, serial_glass,
          glass_columns_c, glass_columns_b, item_on_display_a,
          due_unseen_surprise, feat_on_display, chequers_serial_rivers_marsh
D:2:      cheibrodos_fertilizer, layout_basic, minivault_4,
          minmay_misc_feat_encased, minmay_door_square,
          nicolae_underground_beach

Skill      XL: |  1  2 |
---------------+-------+-----
Stealth        | 6 |  6.6
Fighting       | |  2.1
Short Blades   | |  2.2
Throwing       | |  2.0
Dodging        | |  1.0
Spellcasting   | |  0.4

Action                   || total
-------------------------++-------
Melee: Dagger            ||    69
       Constrict         ||    14
       Tentacles         ||    11
  Use: Scroll            ||     2
       Potion            ||     1
 Stab: Sleeping          ||     4
       Distracted        ||     1
Armor: Skin              ||     6
Dodge: Dodged            ||    68

Table legend: (Time is in decaauts)
 A = Elapsed time spent in this place.
 B = Non-inter-level travel time spent in this place.
 C = Inter-level travel time spent in this place.
 D = Time resting spent in this place.
 E = Time spent auto-exploring this place.
 F = Levels seen in this place.
 G = Mean time per level.
                   A        B        C        D        E       F      G
               +--------+--------+--------+--------+--------+-----+--------+
         Total |   2515 |   2486 |     29 |   1433 |    645 |   2 | 1257.5 |
       Dungeon |   2515 |   2486 |     29 |   1433 |    645 |   2 | 1257.5 |
               +--------+--------+--------+--------+--------+-----+--------+

Top non-repeatable levels by time:
     D:1: 1973 daAuts
     D:2: 542 daAuts
